 Dungeon Crawl Stone Soup version 0.30-a0-341-g682706514a (webtiles) character file.

Game seed: 13315843756655232621

56 bande the Covered (level 3, 0/24 HPs)
             Began as a Gargoyle Fighter on Nov 4, 2022.
             Slain by a gnoll
             ... wielding a +0 club
              (6 damage)
             ... on level 1 of the Dungeon.
             The game lasted 00:02:05 (1448 turns).

bande the Covered (Gargoyle Fighter)                Turns: 1448, Time: 00:02:06

Health: 0/24       AC: 14    Str: 19    XL:     3   Next: 97%
Magic:  3/3        EV:  5    Int:  8    God:
Gold:   73         SH:  4    Dex: 11    Spells: 2/2 levels left

rFire   . . .      SeeInvis .    a - +0 war axe
rCold   . . .      Faith    .    c - +0 buckler
rNeg    + . .      Spirit   .    b - +0 plate armour
rPois   ∞          Reflect  .    (no helmet)
rElec   +          Harm     .    (no cloak)
rCorr   .          Rampage  .    (no gloves)
Will    .....                    (no boots)
Stlth   ..........               (no amulet)
HPRegen 0.24/turn                (no ring)
MPRegen 0.08/turn                (no ring)

@: no status effects
A: sickness immunity, AC +3, negative energy resistance 1, electricity
resistance, torment resistance 1, petrification resistance
a: no special abilities


You were on level 1 of the Dungeon.
You visited 1 branch of the dungeon, and saw 2 of its levels.

You collected 73 gold pieces.

Inventory:

Hand Weapons
 a - a +0 war axe (weapon)
Armour
 b - a +0 plate armour (worn)
 c - a +0 buckler (worn)
Jewellery
 h - a +6 ring of dexterity
Scrolls
 e - 3 scrolls of identify {unknown}
 g - 4 scrolls of teleportation {unknown}
 j - a scroll of vulnerability {unknown}
 l - a scroll of noise {unknown}
Potions
 d - 4 potions of might
 f - a potion of curing {unknown}
 i - a potion of lignification {unknown}
 k - a potion of heal wounds {unknown}


   Skills:
 + Level 3.7 Fighting
 + Level 2.7 Axes
 + Level 3.8 Armour
 + Level 3.7 Shields


You had 2 spell levels left.
You didn't know any spells.
Your spell library contained the following spells:

 Spells                   Type           Power      Damage    Failure   Level
 Magic Dart               Conj           0%         1d3       100%        1
 Call Imp                 Summ           0%         N/A       100%        2
 Mephitic Cloud           Conj/Pois/Air  0%         N/A       100%        3


Dungeon Overview and Level Annotations

Branches:
Dungeon (2/15)

Altars:

Shops:
D:2 [


Innate Abilities, Weirdness & Mutations

You are immune to sickness and miasma.
Your stone body is resilient. (AC +3)
You are immune to poison.
You resist negative energy. (rN+)
You are resistant to electric shocks. (rElec)
You are resistant to unholy torment.
You are immune to petrification.


Message History

A gnoll is nearby!
The gnoll shouts!
You hear a shout!
A gnoll comes into view. It is wielding a +0 halberd.
A gnoll comes into view. It is wielding a +0 spear.
The gnoll shouts!
A gnoll comes into view. It is wielding a +0 club.
You hit the gnoll but do no damage. The gnoll barely misses you.
You block the gnoll's attack.
The gnoll hits you from afar with a +0 halberd.
You hit the gnoll.
The gnoll is lightly wounded.
The gnoll hits you from afar with a +0 spear.
The gnoll barely misses you.
The gnoll hits you from afar with a +0 halberd.
You are too injured to fight recklessly!
You are too injured to fight recklessly!
You are too injured to fight recklessly!
You are too injured to fight recklessly!
You are too injured to fight recklessly!
You are too injured to fight recklessly!
You are too injured to fight recklessly!
Unknown command.
The gnoll hits you with a +0 spear. The gnoll hits you with a +0 flail.
The gnoll hits you but does no damage. The gnoll hits you but does no damage.
The gnoll attacks as you move away! The gnoll hits you with a +0 club.
* * * LOW HITPOINT WARNING * * *
The gnoll attacks as you move away! The gnoll closely misses you.
The gnoll attacks as you move away! The gnoll hits you but does no damage.
The gnoll hits you but does no damage. The gnoll attacks as you move away!
You block the gnoll's attack. The gnoll attacks as you move away!
The gnoll hits you with a +0 flail.
* * * LOW HITPOINT WARNING * * *
There is a stone staircase leading up here.
You climb upwards.
There is a stone staircase leading down here.
You hit the gnoll.
The gnoll is moderately wounded.
The gnoll hits you with a +0 club.
You die...

...>...........##...#..#.##.##.#.
...<...........##.....).....##.#.
....................####.###.....
...................## #..........
..............##...# #..###.####
..............##...# #..###.###
...................## #..##....##
..........##........# #..##(##..#
....##....##....@.#.###..##.#8..8
....##.........g#......[.##....>.
................########.###.....
......######....## #.# ##8..8
###...#######....#######.#####..#
###...##..# ##...............####
..........# #..########.#####
###...###.# #..# #.# #...#
#.####..########.#


You could see a gnoll.

Vanquished Creatures
  An adder (D:2)
  A worm (D:2)
  2 dart slugs (D:2)
  5 ball pythons
  5 bats
  3 endoplasms
  A giant cockroach (D:2)
  4 goblins
  3 hobgoblins
  2 jackals (D:2)
  2 quokkas (D:1)
  4 frilled lizards
  2 kobolds
  2 rats
37 creatures vanquished.

Vanquished Creatures (others)
  2 plants (D:1)
2 creatures vanquished.

Grand Total: 39 creatures vanquished

Notes
Turn   | Place    | Note
-------+----------+-------------------------------------------
     0 | D:1      | bande the Gargoyle Fighter began the quest for the Orb.
     0 | D:1      | Reached XP level 1. HP: 14/14 MP: 1/1
   218 | D:1      | Reached XP level 2. HP: 19/19 MP: 2/2
   714 | D:2      | Reached XP level 3. HP: 15/24 MP: 3/3
  1215 | D:2      | Found Lipy's Armour Emporium.
  1448 | D:1      | Slain by a gnoll

Illustrated notes

Levels and vault maps discovered:
D:1:      dpeg_arrival_stonehenge_12_columns, layout_loops_ring, st_stairs_6,
          serial_bayou_lake_a
D:2:      layout_basic, serial_shops, shop

Skill      XL: |  1  2 |
---------------+-------+-----
Axes           | 2 |  2.7
Fighting       | |  3.7
Armour         | |  3.8
Shields        | |  3.7

Action                   || total
-------------------------++-------
Melee: War axe           ||   106
Armor: Scale mail        ||    35
       Plate armour      ||    25
       Chain mail        ||     4
Dodge: Dodged            ||    48
Block: Buckler           ||    19

Table legend: (Time is in decaauts)
 A = Elapsed time spent in this place.
 B = Non-inter-level travel time spent in this place.
 C = Inter-level travel time spent in this place.
 D = Time resting spent in this place.
 E = Time spent auto-exploring this place.
 F = Levels seen in this place.
 G = Mean time per level.
                   A        B        C        D        E       F      G
               +--------+--------+--------+--------+--------+-----+--------+
         Total |   1538 |   1538 |      0 |     49 |   1107 |   2 |  769.0 |
       Dungeon |   1538 |   1538 |      0 |     49 |   1107 |   2 |  769.0 |
               +--------+--------+--------+--------+--------+-----+--------+

Top non-repeatable levels by time:
     D:2: 837 daAuts
     D:1: 701 daAuts
